 Dungeon Crawl Stone Soup version 0.25-a0-1133-g93ebf739aa (webtiles) character file.

Game seed: 9737918883020454987, levelgen mode: deterministic

102 D1HalberdGnoll the Stinger (level 4, -5/36 HPs)
             Began as a Draconian Venom Mage on May 22, 2020.
             Killed by divine providence
             ... invoked by an orc priest
              (8 damage)
             ... on level 4 of the Dungeon.
             The game lasted 00:16:12 (3498 turns).

D1HalberdGnoll the Stinger (Draconian Venom Mage)   Turns: 3498, Time: 00:16:13

Health: -5/36      AC:  5    Str: 10    XL:     4   Next: 50%
Magic:  3/8        EV: 12    Int: 17    God:
Gold:   76         SH:  0    Dex: 11    Spells: 5/8 levels left

rFire    . . .     SeeInvis .   a - +0 club
rCold    . . .     Gourm    .   (no shield)
rNeg     . . .     Faith    .   (armour unavailable)
rPois    .         Spirit   .   (helmet restricted)
rElec    .         Reflect  .   (no cloak)
rCorr    .         Harm     .   (no gloves)
MR       .....                  (no boots)
Stlth    ++........             (no amulet)
HPRegen  0.12/turn              (no ring)
MPRegen  0.11/turn              (no ring)

@: no status effects
A: unfitting armour, cold-blooded, AC +5
a: no special abilities


You were on level 4 of the Dungeon.
You were hungry.

You visited 1 branch of the dungeon, and saw 5 of its levels.

You collected 76 gold pieces.

Inventory:

Hand Weapons
 a - a +0 club (weapon)
 j - a cursed -2 long sword
Jewellery
 d - a +6 ring of intelligence {unknown}
 g - an uncursed amulet of regeneration {unknown}
Scrolls
 c - a scroll of fear {unknown}
 e - a scroll of enchant armour {unknown}
 f - a scroll of amnesia
 i - a scroll of remove curse
 k - a scroll of magic mapping
Potions
 l - a potion of heal wounds {unknown}
Comestibles
 b - 2 rations


   Skills:
 + Level 1.7 Fighting
 - Level 1.9 Dodging
 - Level 2.0 Stealth
 + Level 2.7 Spellcasting
 - Level 1.2 Transmutations
 * Level 4.2 Poison Magic


You had 5 spell levels left.
You knew the following spells:

 Your Spells              Type           Power        Failure   Level  Hunger
a - Sting                 Tmut/Pois      ##..         6%          1    #......
b - Poisonous Vapours     Pois/Air       #.....       12%         2    ##.....

Your spell library contained the following spells:

 Spells                   Type           Power        Failure   Level  Hunger
 Ignite Poison            Fire/Tmut/Pois #.......     26%         3    ###....
 Mephitic Cloud           Conj/Pois/Air  #.......     30%         3    ###....
 Olgreb's Toxic Radiance  Pois           ###.....     32%         4    #####..


Dungeon Overview and Level Annotations

Branches:
Dungeon (5/15)
 Temple: D:4-7

Altars:
Ashenzari

Annotations:
D:3 Grinder
D:5 1 runed translucent door, exclusion: ogre, Crazy Yiuf


Innate Abilities, Weirdness & Mutations

Your plain brown scales are hard. (AC +5)
You cannot fit into any form of body armour.
You are cold-blooded and may be slowed by cold attacks.


Message History

Aiming: Poisonous Vapours (safe; 12% risk of failure)
Press: ? - help, Dir - move target cursor, f/p - orc priest
Aim: an orc priest, wielding a -3 flail (severely wounded) Poisonous vapours surround the orc priest!
The orc priest is engulfed in poison gas.
The orc priest is poisoned.
The orc priest begins to cast a cantrip, but forgets the words!
The iguana bites you. The phantom hits you.
The orc priest invokes the aid of Beogh against you.
Beogh smites you!
The iguana looks more healthy.
The orc priest calls down the wrath of Beogh upon you.
Beogh smites you!
* * * LOW HITPOINT WARNING * * *
The phantom blinks!
Okay, then.
Okay, then.
The orc priest calls down the wrath of Beogh upon you.
Beogh smites you!
You die...

#.......#....###.#
#########...o# #.#
#....###.#
#.....##?#
#.....##.#
####§o##.# #..##.#
##l##.# #.@#.#
##.#.# #.W.# #...#
##..# #..# #..#
#.># ####


You could see a phantom, an iguana, an orc priest (poisoned) and an orc.

Vanquished Creatures
  Robin (D:2)
  An adder (D:3)
  An ooze (D:3)
  3 worms
  3 dart slugs
  4 orcs (D:3)
  5 giant cockroaches
  8 goblins (D:2)
  3 hobgoblins
  8 jackals
  4 kobolds
  2 quokkas
  5 bats
  A frilled lizard (D:2)
  7 rats
56 creatures vanquished.

Notes
Turn   | Place    | Note
-------+----------+-------------------------------------------
     0 | D:1      | D1HalberdGnoll the Draconian Venom Mage began the quest for
                  | the Orb.
     0 | D:1      | Reached XP level 1. HP: 14/14 MP: 3/3
    78 | D:1      | Reached XP level 2. HP: 8/20 MP: 0/5
   900 | D:1      | Learned a level 2 spell: Poisonous Vapours
  1060 | D:2      | Found a shattered altar of Ashenzari.
  1242 | D:2      | Reached XP level 3. HP: 27/27 MP: 0/6
  1505 | D:2      | Noticed Robin
  1538 | D:2      | Reached skill level 1 in Fighting
  1549 | D:2      | Killed Robin
  2192 | D:3      | Reached skill level 4 in Poison Magic
  2192 | D:3      | Reached XP level 4. HP: 15/35 MP: 0/7
  2619 | D:3      | Noticed Grinder
  2938 | D:3      | You fall into a shaft and drop 2 floors!
  2938 | D:5      | Entered Level 5 of the Dungeon
  2990 | D:5      | Noticed an ogre
  3097 | D:5      | Found a runed translucent door.
  3098 | D:5      | Noticed Crazy Yiuf
  3195 | D:4      | Noticed a phantom
  3498 | D:4      | Killed from afar by an orc priest

Illustrated notes

Levels and vault maps discovered:
D:1:      lemuel_arrival_behind_the_door_small, layout_loops_ring, st_stairs_4
D:2:      layout_loops_ring, evilmike_ruin_ashenzari, uniq_robin
D:3:      layout_basic, uniq_grinder
D:4:      layout_basic, cheibrodos_sewer_entry_bend, nemelex_dance_club_becter,
          uniq_ijyb
D:5:      layout_basic, first_ration, nicolae_dithmenos_shadow_blocks,
          uniq_eustachio, uniq_crazy_yiuf_cottage, uniq_prince_ribbit1

Skill      XL: |  1  2  3 |
---------------+----------+-----
Stealth        | 2 |  2.0
Fighting       | 1 |  1.7
Poison Magic   | 4 |  4.2
Dodging        | |  1.9
Spellcasting   | |  2.7
Transmutations | |  1.2

Action                   |  1- 3 |  4- 6 || total
-------------------------+-------+-------++-------
Melee: Unarmed           |    23 |       ||    23
       Tailslap          |     7 |     1 ||     8
       Club              |    49 |    15 ||    64
 Cast: Sting             |    42 |    25 ||    67
       Poisonous Vapours |     8 |     7 ||    15
  Use: Potion            |     1 |       ||     1
       Scroll            |       |     5 ||     5
  Eat: Chunk             |     5 |     4 ||     9
Armor: Skin              |    29 |     8 ||    37
Dodge: Dodged            |    46 |    11 ||    57

Table legend:
 A = Non-vault XP
 B = Vault XP
 C = Vault XP percentage of total XP
 D = Non-vault monster count
 E = Vault monster count
 F = Vault count percentage of total count
                 A         B        C        D         E       F
            +---------+---------+-------+---------+---------+-------
      Total |     114 |      33 |  22.4 |      45 |      11 |  19.6
            +---------+---------+-------+---------+---------+-------
        D:1 |      29 |       4 |  12.1 |      17 |       2 |  10.5
        D:2 |      21 |      29 |  58.0 |       9 |       9 |  50.0
        D:3 |      54 |       0 |   0.0 |      14 |       0 |   0.0
        D:5 |      10 |       0 |   0.0 |       5 |       0 |   0.0
            +---------+---------+-------+---------+---------+-------
